 Dungeon Crawl Stone Soup version 0.26-a0-602-gd42a14c23b (webtiles) character file.

Game seed: 18210331302049118622

1568608 ANON1729 the Imperceptible (level 27, 196/196 HPs)
             Began as an Octopode Delver on Aug 30, 2020.
             Was the Champion of Ru.
             Escaped with the Orb
             ... and 3 runes!
             The game lasted 04:26:19 (85064 turns).

ANON1729 the Imperceptible (Octopode Delver)       Turns: 85064, Time: 04:26:19

Health: 196/196    AC: 33    Str: 41    XL:     27
Magic:  33/39      EV: 27    Int: 11    God:    Ru [******]
Gold:   4381       SH: 12    Dex: 19    Spells: 13/40 levels left

rFire    + + .     SeeInvis +     - Unarmed
rCold    + + .     Faith    .   r - +3 buckler {AC+3}
rNeg     + + .     Spirit   +   K - +0 mask of the Dragon {MR+ Slay+3 SInv}
rPois    ∞         Reflect  .   W - amulet of Ru's Hope {Spirit rF+ MR+ Int-3 Dex+5}
rElec    +         Harm     .   k - ring "Finwupty" {rC+ MR+ Str+4}
rCorr    .         Clarity  +   I - ring of Veopam {rF+ AC+4}
MR       +++++                  h - ring of the Little Devil {MP+9 Str+6}
Stlth    ++++......             T - ring of Teurafen {AC+4 Str+7}
HPRegen  0.42/turn              P - ring "Beapiepipt" {rPois rC+}
MPRegen  0.26/turn              O - ring "Buhair" {Wiz rC+ Stlth+}
                                J - ring of Kek Ziet {rF+ rN+}
                                R - ring "Moaptid" {+Fly rElec Str+2}

@: statue-form, hasted (expiring)
A: almost no armour, stealthy swim, amphibious, 8 rings, constrict 8, camouflage
1, clarity, frail 2, low mp 1, subdued magic 2, hated by all, unskilled 1,
temperature sensitive
0: Orb of Zot
}: 3/15 runes: decaying, serpentine, silver
a: End Transformation, Draw Out Power, Power Leap, Apocalypse, Renounce
Religion, Evoke Flight


You escaped.
You worshipped Ru.
Ru was exalted by your worship.
You were a stone statue.
You visited 10 branches of the dungeon, and saw 50 of its levels.
You also visited: Gauntlet, Ice Cave and Wizlab.

You collected 8463 gold pieces.
You spent 4082 gold pieces at shops.

Inventory:

Missiles
 c - 8 curare-tipped darts
 l - 19 silver javelins
 m - 33 atropa-tipped darts
 C - a datura-tipped dart (quivered)
Armour
 r - a +3 buckler of protection (worn)
 K - the +0 mask of the Dragon (worn) {MR+ Slay+3 SInv}
   (You found it on level 5 of the Vaults)

   It affects your accuracy and damage with ranged weapons and melee attacks
   (+3).
   It affects your resistance to hostile enchantments.
   It lets you see invisible.
Jewellery
 h - the ring of the Little Devil (on tentacle) {MP+9 Str+6}
   (You bought it in a shop on level 2 of the Orcish Mines)

   [ring of magical power]

   It affects your strength (+6).
   It affects your magic capacity (+9).
 k - the ring "Finwupty" (left tentacle) {rC+ MR+ Str+4}
   (You found it on level 4 of the Depths)

   [ring of protection from magic]

   It affects your strength (+4).
   It protects you from cold.
   It affects your resistance to hostile enchantments.
 H - the ring "Doosyrch" {EV+4 Dex+3}
   (You took it off an ironheart preserver on level 5 of the Vaults)

   [ring of evasion]

   It affects your evasion (+4).
   It affects your dexterity (+3).
 I - the ring of Veopam (right tentacle) {rF+ AC+4}
   (You took it off a deep elf demonologist on level 3 of the Elven Halls)

   [ring of protection]

   It affects your AC (+4).
   It protects you from fire.
 J - the ring of Kek Ziet (on tentacle) {rF+ rN+}
   (You bought it in a shop on level 2 of the Elven Halls)

   [ring of positive energy]

   It protects you from fire.
   It protects you from negative energy.
 O - the ring "Buhair" (on tentacle) {Wiz rC+ Stlth+}
   (You found it on level 2 of the Orcish Mines)

   [ring of wizardry]

   It improves your spell success rate.
   It protects you from cold.
   It makes you more stealthy.
 P - the ring "Beapiepipt" (on tentacle) {rPois rC+}
   (You found it in a wizard's laboratory)

   [ring of protection from cold]

   It protects you from cold.
   It protects you from poison.
 R - the ring "Moaptid" (on tentacle) {+Fly rElec Str+2}
   (You found it in a Gauntlet)

   [ring of flight]

   It affects your strength (+2).
   It insulates you from electricity.
   It lets you fly.
 T - the ring of Teurafen (on tentacle) {AC+4 Str+7}
   (You found it on level 4 of the Swamp)

   [ring of protection]

   It affects your AC (+4).
   It affects your strength (+7).
 W - the amulet of Ru's Hope (around mantle) {Spirit rF+ MR+ Int-3 Dex+5}
   (You took it off a deep elf archer on level 3 of the Elven Halls)

   [amulet of guardian spirit]

   It causes incoming damage to be split between your health and magic.
   It affects your intelligence (-3).
   It affects your dexterity (+5).
   It protects you from fire.
   It affects your resistance to hostile enchantments.
Wands
 e - a wand of digging (22)
 x - a wand of polymorph (32)
 z - a wand of random effects (76)
 B - a wand of disintegration (29)
 E - a wand of paralysis (15)
 G - a wand of flame (35)
 L - a wand of iceblast (24)
 Y - a wand of acid (20)
Scrolls
 a - 13 scrolls of fog
 b - 7 scrolls of magic mapping
 f - 8 scrolls of immolation
 i - 3 scrolls of vulnerability
 o - 19 scrolls of teleportation
 u - 21 scrolls of remove curse
 w - 2 scrolls of holy word
 y - a scroll of silence
 F - 15 scrolls of enchant armour
 Q - 7 scrolls of fear
 S - 21 scrolls of identify
 U - 3 scrolls of blinking
Potions
 d - 7 potions of haste
 g - 2 potions of cancellation
 j - 9 potions of stabbing
 n - 5 potions of resistance
 p - 2 potions of invisibility
 q - 4 potions of berserk rage
 s - 10 potions of heal wounds
 t - 12 potions of lignification
 v - 6 potions of might
 D - 10 potions of ambrosia
 M - 7 potions of flight
 N - 29 potions of curing
 V - 15 potions of brilliance
Miscellaneous
 A - a condenser vane (2/2)
 X - a tin of tremorstones (3/3)
 Z - a phial of floods


   Skills:
 + Level 16.0 Fighting
 - Level 9.0 Throwing
 + Level 17.2 Dodging
 + Level 21.6 Stealth
 + Level 16.8 Shields
 * Level 18.2 Unarmed Combat
 - Level 7.2 Spellcasting
 * Level 2.0 Necromancy
 * Level 18.7 Transmutations
 - Level 12.2 Earth Magic
 + Level 16.2 Evocations


You had 13 spell levels left.
You knew the following spells:

 Your Spells              Type           Power        Failure   Level
a - Petrify               Tmut/Erth      ###.....     1%          4
b - Statue Form           Tmut/Erth      ###......    1%          6
c - Dragon Form           Tmut           ####......   1%          7
d - Passwall              Tmut/Erth      ###.....     0%          2
e - Necromutation         Tmut/Necr      ###.......   99%         8

Your spell library contained the following spells:

 Spells                   Type           Power        Failure   Level
 Sandblast                Erth           ###...       0%          1
 Pain                     Necr           #...         1%          1
 Stone Arrow              Conj/Erth      ##....       1%          3
 Ice Form                 Ice/Tmut       ###.....     1%          4
 Hydra Form               Tmut           ####......   1%          6
 Alistair's Intoxication  Tmut/Pois      ###......    2%          5
 Irradiate                Conj/Tmut      ###.......   2%          5
 Yara's Violent Unravell  Hex/Tmut       ###.......   2%          5
 Corona                   Hex            #......      4%          1
 Foxfire                  Conj/Fire      #...         4%          1
 Freeze                   Ice            #...         4%          1
 Magic Dart               Conj           #...         4%          1
 Shock                    Conj/Air       #...         4%          1
 Vampiric Draining        Necr           #.........   6%          3
 Blink                    Tloc           N/A          8%          2
 Ensorcelled Hibernation  Hex/Ice        #.....       8%          2
 Poisonous Vapours        Pois/Air       #.....       8%          2
 Searing Ray              Conj           #.....       8%          2
 Slow                     Hex            #.......     8%          2
 Swiftness                Air            #.......     8%          2
 Borgnjor's Vile Clutch   Necr/Erth      ##........   8%          5
 Confusing Touch          Hex            #.......     16%         3
 Conjure Flame            Conj/Fire      #.......     16%         3
 Dazzling Flash           Conj/Hex       #.....       16%         3
 Frozen Ramparts          Ice            #.....       16%         3
 Gell's Gravitas          Tloc           #.........   16%         3
 Inner Flame              Hex/Fire       #.......     16%         3
 Lesser Beckoning         Tloc           #.........   16%         3
 Mephitic Cloud           Conj/Pois/Air  #.......     16%         3
 Static Discharge         Conj/Air       #.......     16%         3
 Teleport Other           Tloc           #.......     16%         3
 Bolt of Magma            Conj/Fire/Erth #.........   26%         5
 Airstrike                Air            #.........   45%         4
 Cause Fear               Hex            #.........   45%         4
 Fulminant Prism          Conj/Hex       #.........   45%         4
 Hailstorm                Conj/Ice       #.......     45%         4
 Iskenderun's Mystic Bla  Conj/Tloc      #.......     45%         4
 Passage of Golubria      Tloc           N/A          45%         4
 Sticky Flame             Conj/Fire      #.......     45%         4
 Agony                    Necr           #.......     54%         5
 Iron Shot                Conj/Erth      ##........   54%         6
 Fireball                 Conj/Fire      #.........   82%         5
 Iskenderun's Battlesphe  Conj           #.......     82%         5
 Lightning Bolt           Conj/Air       #.........   82%         5
 Metabolic Englaciation   Hex/Ice        #.........   82%         5
 Silence                  Hex/Air        #.........   82%         5
 Conjure Ball Lightning   Conj/Air       #.........   100%        6
 Freezing Cloud           Conj/Ice/Air   #.........   100%        6
 Orb of Destruction       Conj           #.........   100%        7
 Borgnjor's Revivificati  Necr           #.........   100%        8
 Discord                  Hex            #.........   100%        8
 Death's Door             Necr           #.........   100%        9
 Tornado                  Air            #.........   100%        9
 Animate Skeleton         Necr           Unusable     N/A         1
 Summon Small Mammal      Summ           Unusable     N/A         1
 Call Imp                 Summ           Unusable     N/A         2
 Call Canine Familiar     Summ           Unusable     N/A         3
 Summon Guardian Golem    Hex/Summ       Unusable     N/A         3
 Tukima's Dance           Hex            Unusable     N/A         3
 Animate Dead             Necr           Unusable     N/A         4
 Summon Ice Beast         Ice/Summ       Unusable     N/A         4
 Summon Lightning Spire   Summ/Air       Unusable     N/A         4
 Summon Demon             Summ           Unusable     N/A         5
 Summon Forest            Summ/Tloc      Unusable     N/A         5
 Summon Mana Viper        Hex/Summ       Unusable     N/A         5
 Simulacrum               Ice/Necr       Unusable     N/A         6
 Shadow Creatures         Summ           Unusable     N/A         6
 Haunt                    Necr/Summ      Unusable     N/A         7
 Spellforged Servitor     Conj/Summ      Unusable     N/A         7
 Summon Hydra             Summ           Unusable     N/A         7
 Infestation              Necr           Unusable     N/A         8
 Dragon's Call            Summ           Unusable     N/A         9

Dungeon Overview and Level Annotations

Branches:
Dungeon (15/15)            Temple (1/1) D:4            Lair (6/6) D:10
  Swamp (4/4) Lair:2        Snake (4/4) Lair:2        Slime (0/5) Lair:5
    Orc (2/2) D:10            Elf (3/3) Orc:2        Vaults (5/5) D:13
  Crypt (0/3) Vaults:2     Depths (5/5) D:15            Zot (5/5) Depths:5
  IceCv (visited)          WizLab (visited)         Gauntlet (visited)

Altars:
Ashenzari
Cheibriados
Dithmenos
Elyvilon
Fedhas
Gozag
Hepliaklqana
Kikubaaqudgha
Makhleb
Nemelex Xobeh
Okawaru
Qazlal
Ru
Sif Muna
Trog
Uskayaw
Vehumet
Wu Jian
Xom
Yredelemnul
Zin
The Shining One
Beogh
Jiyva

Shops:
D:4 =   Orc:2 ([!=   Elf:2 =}=:   Vaults:1 (   Vaults:2 !   Zot:3 *

Portals:
Hell: Depths:1 Depths:2 Depths:3 Depths:4 Depths:5
Abyss: Depths:1 Depths:3 Depths:4 Depths:5
Pandemonium: Depths:1 Depths:3 Depths:4
Ziggurat: Depths:1

Annotations:
D:2 Robin
D:6 exclusion: ice beast
D:9 2 exclusions
Lair:5 1 transporter
Swamp:4 3 runed translucent doors, Ogre's ghost, journeyman MiAK; dricus's ghost, adept OpFi
Elf:2 3 runed translucent doors
Zot:3 3 runed translucent doors, exclusion: obsidian statue, Abbolyuh's ghost, legendary DsEn


Innate Abilities, Weirdness & Mutations

You cannot wear most types of armour.
You are very stealthy in the water. (Stealth+)
You are amphibious.
You can wear up to eight rings at the same time.
You can use your tentacles to constrict eight enemies at once.
Your skin changes colour to match your surroundings (Stealth+).
Your magical capacity is low. (-10% MP)
((Your rubbery body absorbs attacks. (AC +1, EV +1)))
You are hated by all.
You are somewhat unskilled. (-1 Apt)
You are sensitive to extremes of temperature. (rF-, rC-)
You possess an exceptional clarity of mind.
You are very frail. (-20% HP)
Your spells are easier to cast, but less powerful.


Message History

The hellion moves out of view.
You see here a goblin skeleton.
Your transformation is almost over.
There is an open gate here.
The reaper feels only hate for you!
A reaper comes into view. It is wielding a +3 scythe of venom.
You reach down and close the gate.
The reaper moves out of view.
Your extra speed is starting to run out.
A reaper opens the gate.
There is an open door here.
There is an open door here.
There is a staircase leading out of the dungeon here.
Casting: Dragon Form (mildly dangerous; 1% risk of failure)
Confirm with . or Enter, or press ? or * to list all spells.
Your transformation has ended.
The +0 mask of the Dragon {MR+ Slay+3 SInv} unmelds from your body.
Your +3 buckler of protection unmelds from your body.
You feel protected.
You turn into a living statue of rough stone.
You have escaped!

.....##.##.#§#§§..§§.#
#........
.....##.##.#§...§....#
##...)...
.....##....##..§2.§§##
#).)....
...#############'####
####....... ...# ##..#
##8.8## ##..##...... ...#
#.§..# ###'#####..≈.#..####
...#
##§§≈.###.....###.≈≈.#..#
...#
.#°§≈.#§#.....#≈#.≈○≈#..#
####
.#°☼≈§#.'..8>.+.#≈°≈≈#..#
.#≈≈≈.#≈#.....#≈#.≈≈≈#..####
##.≈≈.###.....###.≈≈.#..##..
#.≈..# ###'#####..≈.#.###..
##..# #...# ##..##.# #.. ###
####### ####..# #..
#.......# #..####..
#.........# #..##....
#.........# #..##...#


You could see a reaper.

Vanquished Creatures
  8 orbs of fire
  A juggernaut (Depths:2)
  7 ancient liches (Zot:5)
  Sojobo (Vaults:5)
  Frederick (Vaults:1)
  2 Killer Klowns (Zot:5)
  Vashnia (Snake:1)
  3 curse toes
  A pandemonium lord (Depths:2)
  9 golden dragons
  A Hellbinder (WizLab)
  the Enchantress (Depths:3)
  A bone dragon (Depths:5)
  2 electric golems
  A Brimstone Fiend (D:9)
  Jorgrun (Orc:1)
  A hellephant (Depths:2)
  An Ice Fiend (Depths:2)
  12 tentacled monstrosities
  Rupert (Lair:6)
  A Hell Sentinel (D:14)
  3 liches
  6 titans
  2 deep elf blademasters (Elf:3)
  3 deep elf master archers (Elf:3)
  26 Orb Guardians
  The ghost of Anicvumpo the Fencer, an adept DsGl of Yredelemnul (Depths:1)
  3 quicksilver dragons
  8 death cobs
  Kirke (D:13)
  An ancient champion (Vaults:1)
  8 sphinxes
  Agnes (Snake:3)
  8 thorn hunters
  10 shadow dragons
  18 storm dragons
  6 nagarajas (Snake:4)
  7 tengu reavers
  8 draconian monks
  2 draconian scorchers
  13 fire giants
  6 frost giants
  8 deep elf sorcerers
  4 cacodemons
  2 iron dragons
  A frost giant (shapeshifter) (Vaults:5)
  8 deep elf elementalists
  2 draconian knights
  14 vault wardens
  Louise (Snake:3)
  5 ghost moths
  2 draconian stormcallers (Zot:1)
  7 draconian shifters
  2 balrugs
  The ghost of Renjy the Prestidigitator, an adept KoGl of Okawaru (Orc:2)
  Aizul (Snake:1)
  4 draconian annihilators
  A spriggan defender (Depths:2)
  10 ironheart preservers
  3 war gargoyles (Vaults:5)
  18 very ugly things
  24 stone giants
  6 vampire knights
  2 entropy weavers (Vaults:3)
  A black sun (WizLab)
  11 deep elf demonologists
  10 green draconians
  9 deep elf annihilators
  9 red draconians
  5 white draconians
  Azrael (Snake:3)
  A minotaur (Gauntlet)
  A lorocyproca (Zot:1)
  6 yellow draconians
  7 black draconians
  9 purple draconians
  15 spark wasps
  2 merfolk javelineers
  3 blizzard demons
  A green death (WizLab)
  19 ettins
  8 deep elf death magi
  Josephine (Orc:2)
  A merfolk impaler (Depths:4)
  14 great orbs of eyes
  A crystal guardian (Vaults:2)
  13 yaktaur captains
  4 jiangshi
  14 fire dragons
  19 ogre magi
  3 rakshasas
  32 vault guards
  8 deep elf high priests
  2 spectral tengu (Depths:1)
  16 hydras
  4 hell beasts
  A caustic shrike simulacrum (Depths:1)
  11 ice dragons
  3 shambling mangroves
  A spectral sphinx (Depths:1)
  A ghost crab (Swamp:4)
  17 naga warriors
  2 catoblepae
  10 centaur warriors
  6 spriggan air magi
  5 alligators
  17 dancing weapons
  Erica (Orc:1)
  4 anacondas
  47 two-headed ogres
  10 tengu warriors
  A death knight (Vaults:3)
  6 deep troll shamans
  A satyr (Depths:3)
  5 orc high priests (Orc:2)
  16 naga sharpshooters
  A death yak (Lair:5)
  A death yak (shapeshifter) (Depths:2)
  11 deep troll earth magi
  3 vampire magi
  14 spriggan berserkers
  20 deep elf knights
  A shock serpent (shapeshifter) (Depths:1)
  4 iron trolls
  6 sun demons (WizLab)
  3 soul eaters
  A fire crab (shapeshifter) (Depths:4)
  3 shock serpents
  6 shadow wraiths
  A quicksilver dragon simulacrum (Depths:1)
  2 sixfirhies
  5 skeletal warriors (Vaults:1)
  An infernal demonspawn (Depths:3)
  2 salamander mystics
  A spriggan druid (Swamp:4)
  3 glowing orange brains
  3 unseen horrors
  7 swamp dragons
  A swamp dragon (shapeshifter) (Vaults:5)
  9 naga ritualists
  8 phantasmal warriors
  A lindwurm (Lair:5)
  20 deep trolls
  12 deep elf archers
  4 flayed ghosts
  13 ironbrand convokers
  2 necromancers
  3 wolf spiders
  8 harpies
  7 wizards
  66 deep elf magi
  2 orc sorcerers
  28 ugly things
  A harpy (shapeshifter) (Elf:2)
  A shining eye (shapeshifter) (Depths:3)
  A faun (shapeshifter) (Vaults:5)
  17 orc knights
  16 mana vipers
  5 fauns (Depths:3)
  17 moths of wrath
  A toenail golem (Depths:5)
  3 cyclopes
  16 salamanders
  4 elephants (Lair:3)
  2 black mambas (shapeshifter)
  4 centaur zombies
  2 moths of wrath (shapeshifter) (Vaults:5)
  A salamander (shapeshifter) (Elf:3)
  2 shining eyes (Depths:1)
  A cyclops (shapeshifter) (Elf:2)
  A torpor snail (Lair:6)
  Maurice (Orc:1)
  4 ice statues
  11 vault sentinels
  A torpor snail (shapeshifter) (Depths:2)
  12 guardian serpents
  2 water nymphs (Depths:3)
  35 black mambas
  An eye of devastation (Depths:1)
  3 rust devils
  13 naga magi
  A water nymph (shapeshifter) (Vaults:5)
  3 orange demons
  2 smoke demons
  15 cane toads
  5 komodo dragons
  4 hellions
  5 rime drakes
  3 yaktaurs (shapeshifter)
  16 freezing wraiths
  A kobold demonologist (D:13)
  A rime drake (shapeshifter) (Vaults:2)
  6 tengu conjurers
  21 ice devils
  39 yaktaurs
  An efreet (D:14)
  2 red devils
  3 hellwings (WizLab)
  A golden dragon simulacrum (Depths:1)
  A tormentor (WizLab)
  A spectral glowing shapeshifter (Depths:1)
  A troll (shapeshifter) (Vaults:4)
  6 trolls
  4 wandering mushrooms (Lair:5)
  8 polar bears
  3 meliai (D:14)
  A queen bee (shapeshifter) (Vaults:1)
  A queen bee (Depths:2)
  A tengu simulacrum (Depths:1)
  20 hornets
  2 bog bodies
  11 tyrant leeches
  11 dream sheep
  27 slime creatures
  A raiju (shapeshifter) (Elf:2)
  A hornet (shapeshifter) (Elf:2)
  12 blink frogs
  A wind drake (shapeshifter) (Vaults:1)
  A blink frog (shapeshifter) (Vaults:4)
  11 hippogriffs
  A fire giant simulacrum (Vaults:3)
  An air elemental (Elf:3)
  21 spriggans
  2 centaur simulacra (Gauntlet)
  2 redbacks (Vaults:3)
  Sigmund (D:3)
  A tarantella (shapeshifter) (D:14)
  24 water elementals
  6 shadows
  A hog (shapeshifter) (Depths:1)
  8 wraiths
  2 ynoxinuls
  24 yaks
  A spriggan simulacrum (Depths:1)
  A basilisk (Lair:6)
  7 humans (D:13)
  4 wyverns
  5 fire elementals
  A hog (D:13)
  A basilisk (shapeshifter) (Vaults:1)
  2 neqoxecs
  2 golden eyes
  A steam dragon (Lair:4)
  56 nagas
  Menkaure (D:4)
  26 vampire mosquitoes
  A warg (Vaults:4)
  14 insubstantial wisps
  18 swamp worms
  A soldier ant (D:14)
  A swamp worm (shapeshifter) (Vaults:4)
  A naga (shapeshifter) (Depths:2)
  A soldier ant (shapeshifter) (Vaults:4)
  8 water moccasins
  An acid dragon (Lair:4)
  3 floating eyes
  A floating eye (shapeshifter) (Vaults:5)
  5 hell hounds
  16 swamp drakes
  A hornet zombie (D:15)
  35 orc warriors
  4 porcupines
  4 sky beasts
  A black bear (Lair:6)
  10 ice beasts
  2 black bears (shapeshifter)
  41 ogres
  A necrophage (D:10)
  4 phantoms
  An ettin simulacrum (Vaults:3)
  11 boggarts
  55 wolves
  3 elf simulacra (Depths:1)
  8 centaurs
  12 crocodiles
  4 big kobolds
  19 bullfrogs
  A gnoll sergeant (D:9)
  A cane toad simulacrum (Gauntlet)
  2 wyvern zombies
  2 earth elementals (Elf:2)
  A spectral warg (Orc:2)
  A wyvern skeleton (D:14)
  5 scorpions
  36 killer bees
  A spectral ogre (Orc:2)
  4 wights (D:12)
  3 electric eels
  6 jellies
  3 crimson imps
  A bullfrog zombie (D:12)
  6 centaur skeletons
  4 hounds
  2 quasits (Depths:3)
  3 iron imps
  A human simulacrum (Vaults:3)
  4 bullfrog skeletons
  33 orc priests
  Natasha (twice) (D:2)
  7 iguanas
  19 orc wizards
  A spectral orc (Orc:2)
  6 worker ants
  2 howler monkey zombies
  10 gnolls
  13 adders
  3 shadow imps
  12 white imps
  4 orc simulacra (Orc:2)
  7 ufetubi
  An ooze (D:1)
  An adder skeleton (D:8)
  3 worms (D:2)
  3 dart slugs
  7 leopard geckos
  116 orcs
  A ball python (D:2)
  5 bats
  5 giant cockroaches
  14 hobgoblins
  6 jackals
  3 quokkas
  4 frilled lizards
  13 goblins
  11 kobolds
  7 rats
  11 briar patches
  3 fungi (Depths:1)
  14 pillars of salt (Vaults:1)
2377 creatures vanquished.

Vanquished Creatures (others)
  A tentacled monstrosity (Zot:4)
  A deep elf blademaster (Elf:3)
  An Orb Guardian (Zot:5)
  A tengu reaver (Depths:2)
  A storm dragon (Depths:5)
  A deep elf elementalist (Elf:3)
  A very ugly thing (Depths:1)
  A draconian stormcaller (Zot:3)
  A green draconian (Zot:4)
  The ghost of Zeamae the Destroyer, a journeyman OpCj of Cheibriados (Lair:2)
  A spectral tengu (Depths:1)
  A vault guard (D:13)
  An alligator (Lair:2)
  2 swamp dragons (Swamp:4)
  A glowing orange brain (Depths:2)
  2 deep trolls (Depths:4)
  A deep elf archer (Vaults:4)
  A mana viper (Snake:4)
  A black mamba (Snake:3)
  A yaktaur (Depths:5)
  2 hornets (Swamp:2)
  A yak (Lair:6)
  A vampire mosquito (Swamp:1)
  A naga (Snake:4)
  An acid dragon (Lair:4)
  3 orc warriors
  A boggart (D:15)
  2 centaurs
  2 ogres
  A crocodile (Lair:2)
  A hornet simulacrum (D:15)
  An orc priest (Orc:2)
  A spectral orc (Orc:2)
  2 adders (D:11)
  A white imp (IceCv)
  4 ufetubi (IceCv)
  2 orcs
  65 fungi
  273 plants
  15 withered plants (Gauntlet)
402 creatures vanquished.

Grand Total: 2779 creatures vanquished

Notes
Turn   | Place    | Note
-------+----------+-------------------------------------------
     0 | D:5      | ANON1729 the Octopode Delver began the quest for the Orb.
     0 | D:5      | Reached XP level 1. HP: 16/16 MP: 1/1
   128 | D:5      | Found a snail-covered altar of Cheibriados.
   128 | D:5      | Noticed an iron imp
   270 | D:5      | Killed an iron imp
   270 | D:5      | Reached XP level 2. HP: 5/21 MP: 2/2
   270 | D:5      | Reached XP level 3. HP: 7/26 MP: 3/3
   535 | D:5      | Reached skill level 1 in Throwing
   607 | D:5      | Noticed an ogre
   627 | D:4      | Reached XP level 4. HP: 8/31 MP: 4/4
   803 | D:4      | Reached skill level 7 in Stealth
  1233 | D:4      | Found a staircase to the Ecumenical Temple.
  1244 | D:4      | Reached XP level 5. HP: 16/36 MP: 5/5
  1282 | Temple   | Entered the Ecumenical Temple
  1291 | Temple   | Became a worshipper of Ru the Awakened
  1436 | D:4      | Found a sparkling altar of Nemelex Xobeh.
  1460 | D:4      | Noticed an ogre
  1953 | D:2      | Noticed Robin
  2195 | D:1      | Reached XP level 6. HP: 37/43 MP: 6/6
  2611 | D:2      | Found a basalt altar of Yredelemnul.
  2636 | D:2      | Found a faded altar of an unknown god.
  2680 | D:2      | Gained mutation: You are sensitive to extremes of
                  | temperature. (rF-, rC-) [Ru sacrifice]
  2680 | D:2      | Reached * piety under Ru
  2680 | D:2      | Reached ** piety under Ru
  2739 | D:2      | Noticed Natasha
  2887 | D:2      | Killed Natasha
  3133 | D:2      | Found a hazy altar of Hepliaklqana.
  3252 | D:2      | Noticed Natasha
  3260 | D:2      | Killed Natasha
  3413 | D:3      | Found a shimmering altar of Xom.
  3416 | D:3      | Noticed an angel
  3422 | D:3      | Found a glowing silver altar of Zin.
  3499 | D:3      | Noticed Sigmund
  3514 | D:3      | Killed Sigmund
  3514 | D:3      | Reached XP level 7. HP: 36/48 MP: 7/7
  3750 | D:3      | Reached skill level 8 in Stealth
  3815 | D:4      | Found Zacwekyoso's Jewellery Shop.
  3843 | D:4      | Reached skill level 5 in Unarmed Combat
  3897 | D:4      | Found an iron altar of Okawaru.
  3902 | D:4      | Noticed Menkaure
  3927 | D:4      | Killed Menkaure
  3927 | D:4      | Reached XP level 8. HP: 8/54 MP: 8/8
  4068 | D:4      | Found a stormy altar of Qazlal.
  4070 | D:4      | Noticed an air elemental
  4071 | D:4      | Noticed a water elemental
  4968 | D:6      | Learned a level 1 spell: Animate Skeleton
  5047 | D:6      | Found a hide-covered altar of Uskayaw.
  5060 | D:6      | Reached skill level 5 in Fighting
  5061 | D:6      | Gained mutation: You are hated by all. [Ru sacrifice]
  5061 | D:6      | Reached *** piety under Ru
  5061 | D:6      | Reached **** piety under Ru
  5109 | D:6      | Reached skill level 9 in Stealth
  5877 | D:7      | Reached XP level 9. HP: 20/61 MP: 9/9
  6027 | D:7      | Reached skill level 5 in Dodging
  6350 | D:7      | Noticed a hornet
  6364 | D:7      | Killed a hornet
  7123 | D:8      | Found a shadowy altar of Dithmenos.
  7140 | D:8      | Reached skill level 5 in Throwing
  7152 | D:8      | Reached skill level 10 in Stealth
  7210 | D:8      | Found a roughly hewn altar of Beogh.
  7787 | D:8      | Found a shimmering blue altar of Sif Muna.
  8073 | D:9      | Reached XP level 10. HP: 52/69 MP: 10/10
  8390 | D:9      | Reached skill level 1 in Evocations
  8496 | D:9      | Noticed a two-headed hydra
  8511 | D:9      | Killed a two-headed hydra
  8773 | D:9      | Found a shimmering blue altar of Sif Muna.
  9010 | D:9      | Found a white marble altar of Elyvilon.
  9350 | D:10     | Entered Level 10 of the Dungeon
  9412 | D:10     | Noticed a two-headed ogre
  9500 | D:10     | Killed a two-headed ogre
  9500 | D:10     | Reached skill level 11 in Stealth
  9552 | D:10     | Reached XP level 11. HP: 70/75 MP: 11/11
  9725 | D:10     | Found a staircase to the Lair.
  9733 | D:10     | Noticed a two-headed ogre
  9771 | D:10     | Killed a two-headed ogre
  9957 | D:10     | You fall into a shaft and drop 1 floor!
  9963 | D:11     | Noticed a two-headed ogre
  9991 | D:11     | Killed a two-headed ogre
 10006 | D:11     | HP: 1/75 [acid (8)]
 10928 | D:10     | Reached skill level 10 in Unarmed Combat
 10996 | D:10     | Found a staircase to the Orcish Mines.
 11509 | Orc:1    | Entered Level 1 of the Orcish Mines
 11509 | Orc:1    | Noticed a two-headed ogre
 12184 | D:12     | Noticed an ogre mage
 12981 | D:12     | Noticed a two-headed ogre
 12981 | D:12     | Noticed a skeletal warrior
 12989 | D:12     | Noticed a cyan ugly thing
 13141 | Lair:1   | Entered Level 1 of the Lair of Beasts
 14089 | Lair:1   | Reached skill level 12 in Stealth
 14189 | Lair:2   | Found a staircase to the Snake Pit.
 14221 | Lair:2   | Reached XP level 12. HP: 71/82 MP: 12/12
 14661 | Lair:2   | Found a runed translucent gate.
 14661 | Lair:2   | Found a runed translucent gate.
 14661 | Lair:2   | Found a runed translucent gate.
 14661 | Lair:2   | Noticed Zeamae's ghost (journeyman OpCj)
 14667 | Lair:2   | Noticed an eight-headed hydra
 14769 | Lair:2   | Reached skill level 5 in Evocations
 15181 | Lair:2   | Killed an eight-headed hydra
 15429 | Lair:2   | Found a staircase to the Swamp.
 17022 | Lair:3   | Noticed a four-headed hydra
 17802 | Lair:3   | Reached skill level 10 in Dodging
 18651 | Lair:3   | Reached XP level 13. HP: 74/89 MP: 13/13
 19006 | Lair:4   | Reached skill level 13 in Stealth
 20043 | D:4      | Bought a cursed ring of teleportation for 58 gold pieces
 20043 | D:4      | Bought a cursed amulet of inaccuracy for 26 gold pieces
 20045 | D:4      | Bought an uncursed ring of protection from fire for 325
                  | gold pieces
 20342 | D:13     | Noticed Kirke
 20350 | D:13     | Noticed a vault guard
 20364 | D:13     | Found a gate leading to a gauntlet.
 20375 | Gauntlet | Entered a Gauntlet
 20375 | Gauntlet | Found a transporter.
 20375 | Gauntlet | Found a transporter.
 20376 | Gauntlet | Found a transporter.
 20378 | Gauntlet | Found a transporter.
 20379 | Gauntlet | Found a transporter.
 20380 | Gauntlet | Found a transporter.
 20389 | Gauntlet | Found a transporter.
 20389 | Gauntlet | Noticed a balrug
 20393 | Gauntlet | Found a transporter.
 20405 | Gauntlet | Found a transporter.
 20412 | Gauntlet | Noticed a death ooze
 20504 | Gauntlet | Found a transporter.
 20508 | Gauntlet | Found a transporter.
 20517 | Gauntlet | Noticed a dire elephant
 20518 | Gauntlet | Found a transporter.
 20593 | Gauntlet | Gained mutation: Scrolls take you a little longer to read.
                  | [potion of mutation]
 20593 | Gauntlet | Gained mutation: You have an increased reservoir of magic.
                  | (+10% MP) [potion of mutation]
 20593 | Gauntlet | Gained mutation: You are agile. (Dex +2) [potion of
                  | mutation]
 20594 | Gauntlet | Lost mutation: You have an increased reservoir of magic.
                  | (+10% MP) [potion of mutation]
 20594 | Gauntlet | Lost mutation: Scrolls take you a little longer to read.
                  | [potion of mutation]
 20594 | Gauntlet | Gained mutation: You evolve. [potion of mutation]
 20594 | Gauntlet | Gained mutation: One of your tentacles bears a spike.
                  | [potion of mutation]
 20629 | Gauntlet | Killed a balrug
 20653 | Gauntlet | Got an ancient brass ring
 20654 | Gauntlet | Identified the ring "Moaptid" {+Fly rElec Str+2} (You found
                  | it in a Gauntlet)
 20731 | Gauntlet | Got a scintillating zirconium amulet
 20744 | Gauntlet | Identified the amulet "Yffy" {Inacc MR+ Dex+5} (You found
                  | it in a Gauntlet)
 20763 | Gauntlet | Identified the +5 war axe "Plog" {venom, rC+ rN+++ Str-5
                  | Stlth+}
 20763 | Gauntlet | Noticed a minotaur
 20764 | Gauntlet | Found the +7 Spriggan's Knife {stab, EV+4 Stlth+}
 20785 | Gauntlet | Killed a minotaur
 21004 | Gauntlet | Gained mutation: You are very agile. (Dex +4) [evolution]
 21349 | D:13     | Noticed a vault guard
 21475 | D:13     | Gained mutation: You are somewhat unskilled. (-1 Apt) [Ru
                  | sacrifice]
 21475 | D:13     | Reduced skill Dodging to level 10
 21475 | D:13     | Reduced skill Stealth to level 12
 21475 | D:13     | Reached ***** piety under Ru
 21683 | D:13     | Killed Kirke
 21683 | D:13     | Reached skill level 1 in Shields
 21987 | D:13     | Killed a vault guard
 22088 | D:13     | Killed a vault guard
 22098 | D:13     | Noticed a vault guard
 22114 | D:13     | Killed a vault guard
 22297 | D:13     | Found a gate to the Vaults.
 22297 | D:13     | Noticed a vault guard
 22297 | D:13     | Noticed a vault guard
 22463 | D:13     | Killed a vault guard
 22735 | D:13     | Killed a vault guard
 22870 | D:14     | Found an opulent altar of Gozag.
 22883 | D:14     | Reached XP level 14. HP: 95/95 MP: 14/14
 23140 | D:14     | Learned a level 6 spell: Statue Form
 23673 | D:14     | Gained mutation: Your magical capacity is low. (-10% MP)
                  | [Ru sacrifice]
 23673 | D:14     | Reached ****** piety under Ru
 23822 | D:14     | Reached skill level 1 in Transmutations
 23831 | D:15     | Entered Level 15 of the Dungeon
 23863 | D:15     | Reached skill level 1 in Earth Magic
 25272 | D:15     | Found a staircase to the Depths.
 25810 | Lair:4   | Gained mutation: Your magical capacity is very low. (-20%
                  | MP) [evolution]
 25818 | Lair:4   | Reached skill level 13 in Stealth
 26064 | Lair:5   | Found a transporter.
 26145 | Lair:5   | Found a staircase to the Slime Pits.
 26145 | Lair:5   | Found a viscous altar of Jiyva.
 26291 | Lair:5   | Found a transporter.
 27123 | Lair:6   | Entered Level 6 of the Lair of Beasts
 27533 | Lair:6   | Noticed Rupert
 27728 | Lair:6   | Reached XP level 15. HP: 92/101 MP: 12/12
 28272 | Lair:6   | Killed Rupert
 29775 | Lair:5   | Identified the Grimoire of Unstable Ice
 30231 | D:12     | Reached skill level 5 in Shields
 30949 | Orc:1    | Found a roughly hewn altar of Beogh.
 30956 | Orc:1    | Noticed Erica
 30966 | Orc:1    | Killed Erica
 30989 | Orc:1    | Noticed Maurice
 30997 | Orc:1    | Killed Maurice
 31073 | Orc:1    | Noticed Jorgrun
 31092 | Orc:1    | Killed Jorgrun
 31334 | Orc:2    | Entered Level 2 of the Orcish Mines
 31342 | Orc:2    | Noticed Josephine
 31408 | Orc:2    | Killed Josephine
 31718 | Orc:2    | Found a runed translucent gate.
 31718 | Orc:2    | Found a runed translucent gate.
 31718 | Orc:2    | Found a runed translucent gate.
 31730 | Orc:2    | Noticed Renjy's ghost (adept KoGl)
 31760 | Orc:2    | Found a staircase to the Elven Halls.
 31845 | Orc:2    | Reached skill level 5 in Transmutations
 32067 | Orc:2    | Lost mutation: One of your tentacles bears a spike.
                  | [evolution]
 33149 | Orc:2    | Found Wazxak Tame's Weapon Boutique.
 33152 | Orc:2    | Found Dinegofe's Distillery.
 33153 | Orc:2    | Found Ofiul's Jewellery Boutique.
 33154 | Orc:2    | Found Ypos's Armour Boutique.
 33169 | Orc:2    | Bought the ring of the Little Devil {MP+9 Str+6} for 554
                  | gold pieces
 33172 | Orc:2    | Bought 2 potions of curing for 102 gold pieces
 33172 | Orc:2    | Bought a potion of heal wounds for 85 gold pieces
 33172 | Orc:2    | Bought a potion of lignification for 51 gold pieces
 33172 | Orc:2    | Bought a potion of heal wounds for 85 gold pieces
 33172 | Orc:2    | Bought 2 potions of might for 136 gold pieces
 33172 | Orc:2    | Bought a potion of haste for 170 gold pieces
 33172 | Orc:2    | Bought 3 potions of curing for 153 gold pieces
 33172 | Orc:2    | Bought 2 potions of curing for 102 gold pieces
 33172 | Orc:2    | Bought a potion of curing for 51 gold pieces
 33348 | Elf:1    | Entered Level 1 of the Elven Halls
 33355 | Elf:1    | You fall into a shaft and drop 1 floor!
 33355 | Elf:2    | Found a runed translucent gate.
 33355 | Elf:2    | Found a runed translucent gate.
 33355 | Elf:2    | Found a runed translucent gate.
 33430 | Elf:2    | Found Derrau's Jewellery Shoppe.
 33431 | Elf:2    | Found Bujax's Gadget Shop.
 33433 | Elf:2    | Found Moyceask's Jewellery Shoppe.
 33444 | Elf:2    | Bought the amulet "Joxak" {Spirit rC+} for 440 gold pieces
 33444 | Elf:2    | Bought the ring of Kek Ziet {rF+ rN+} for 340 gold pieces
 33507 | Elf:2    | Found Riunn's Book Boutique.
 33539 | Elf:2    | Found a magical portal.
 33548 | WizLab   | Entered The Hall of the Hellbinder
 33553 | WizLab   | Noticed a cacodemon
 33582 | WizLab   | Killed a cacodemon
 33582 | WizLab   | Reached XP level 16. HP: 89/108 MP: 12/12
 34040 | WizLab   | Reached skill level 5 in Earth Magic
 34465 | WizLab   | Reached skill level 14 in Stealth
 34761 | WizLab   | Noticed Niwo
 34785 | WizLab   | Killed Niwo the Hellbinder
 34831 | WizLab   | Found a burning altar of Makhleb.
 34834 | WizLab   | Found the +2 ratskin cloak {*Rats rPois rN+ Str-1 Int-1
                  | Dex+1}
 34851 | WizLab   | Identified the Disquisition on Creation
 34860 | WizLab   | Got a brightly glowing turquoise ring
 34862 | WizLab   | Identified the ring "Beapiepipt" {rPois rC+} (You found it
                  | in a wizard's laboratory)
 35439 | Elf:2    | Gained mutation: Your flesh is heat resistant. (rF+)
                  | [evolution]
 35775 | Elf:2    | Reached skill level 10 in Fighting
 35930 | Elf:2    | Found the +27 Lear's hauberk
 35958 | Elf:2    | Noticed an Ice Fiend
 36341 | Elf:2    | Reached XP level 17. HP: 111/115 MP: 13/13
 36653 | Elf:1    | Identified the Volume of Attacks
 37787 | Snake:1  | Entered Level 1 of the Snake Pit
 38189 | Snake:1  | Noticed Aizul
 38281 | Snake:1  | Killed Aizul
 39234 | Snake:2  | Noticed Vashnia
 39544 | Snake:2  | Reached skill level 1 in Spellcasting
 39915 | Snake:1  | Killed Vashnia
 40594 | Snake:3  | Noticed Louise
 40611 | Snake:3  | Killed Louise
 41074 | Snake:3  | Noticed Azrael
 41086 | Snake:3  | Killed Azrael
 41099 | Snake:3  | Lost mutation: Your magical capacity is very low. (-20% MP)
                  | [evolution]
 41407 | Snake:3  | Reached XP level 18. HP: 113/122 MP: 19/19
 41518 | Snake:3  | Noticed Agnes
 41531 | Snake:3  | Killed Agnes
 41558 | Snake:3  | Reached skill level 15 in Stealth
 42564 | Snake:4  | Entered Level 4 of the Snake Pit
 44063 | Snake:4  | Reached skill level 10 in Evocations
 46582 | Snake:4  | Got a serpentine rune of Zot
 46915 | Swamp:1  | Entered Level 1 of the Swamp
 47560 | Swamp:1  | Reached XP level 19. HP: 125/128 MP: 21/21
 48262 | Lair:2   | Reached skill level 10 in Transmutations
 50451 | Swamp:3  | Lost mutation: You evolve. [end of evolution]
 51071 | Swamp:4  | Entered Level 4 of the Swamp
 51338 | Swamp:4  | Identified the ring of Teurafen {AC+4 Str+7} (You found it
                  | on level 4 of the Swamp)
 51424 | Swamp:4  | Found a frozen archway.
 51446 | IceCv    | Entered an ice cave
 52027 | IceCv    | Reached skill level 10 in Earth Magic
 52074 | IceCv    | Got a twisted spear
 52081 | IceCv    | Identified the +7 spear of the Gnat {vorpal, Dex+3} (You
                  | found it in an ice cave)
 52163 | Swamp:4  | Found a runed translucent gate.
 52163 | Swamp:4  | Found a runed translucent gate.
 52164 | Swamp:4  | Found a runed translucent gate.
 52167 | Swamp:4  | Noticed Ogre's ghost (journeyman MiAK)
 52167 | Swamp:4  | Noticed dricus's ghost (adept OpFi)
 52303 | Swamp:4  | Got a decaying rune of Zot
 52992 | Lair:2   | Killed Zeamae's ghost
 53167 | Orc:2    | Killed Renjy's ghost
 53269 | Orc:2    | Got a shimmering lead ring
 53279 | Orc:2    | Identified the ring "Buhair" {Wiz rC+ Stlth+} (You found it
                  | on level 2 of the Orcish Mines)
 53362 | Elf:3    | Entered Level 3 of the Elven Halls
 54150 | Elf:3    | Reached XP level 20. HP: 135/135 MP: 24/24
 54455 | Elf:3    | Reached skill level 16 in Stealth
 54714 | Elf:3    | Identified the +1 robe of the Present {rCorr}
 54732 | Elf:3    | Identified the +5 scythe "Xirghas" {venom, Fragile Int+4
                  | Dex+5}
 54864 | Elf:3    | Identified the amulet "Ahokiewa" {Acrobat Dex+4 SInv}
 55061 | Elf:3    | Identified the cursed +1 falchion of Ufojum {flame, rF+
                  | rC+}
 55070 | Elf:3    | Reached skill level 10 in Shields
 55074 | Elf:3    | Identified the +4 ring mail "Weup" {Str+4}
 55077 | Elf:3    | Reached skill level 5 in Spellcasting
 55078 | Elf:3    | Identified the +8 great mace of Contradiction {vorpal,
                  | Int+2 Dex+5}
 55119 | Elf:3    | Identified the amulet of Ru's Hope {Spirit rF+ MR+ Int-3
                  | Dex+5}
 55152 | Elf:3    | Noticed a Tzitzimitl
 55480 | Elf:3    | Identified the +0 morningstar of Descent {protect, rC- MR++
                  | Dex+5}
 55649 | Elf:3    | Identified the ring of Veopam {rF+ AC+4}
 56454 | Vaults:1 | Entered Level 1 of the Vaults
 56945 | Vaults:1 | Found a ruined gateway.
 57007 | Vaults:1 | Reached XP level 21. HP: 112/142 MP: 25/26
 57054 | Vaults:1 | Found Zeuczeox's Weapon Shop.
 57369 | Vaults:1 | Noticed Frederick
 57391 | Vaults:1 | Killed Frederick
 58163 | Vaults:2 | You fall into a shaft and drop 2 floors!
 59837 | Vaults:3 | Reached XP level 22. HP: 149/149 MP: 28/28
 59950 | Vaults:3 | Reached skill level 17 in Stealth
 60700 | Vaults:2 | Found Loumnuti's Distillery.
 60717 | Vaults:2 | Bought a potion of might for 72 gold pieces
 60717 | Vaults:2 | Bought a potion of resistance for 180 gold pieces
 60717 | Vaults:2 | Bought 2 potions of might for 144 gold pieces
 60717 | Vaults:2 | Bought a potion of cancellation for 144 gold pieces
 60717 | Vaults:2 | Bought 2 potions of curing for 108 gold pieces
 60717 | Vaults:2 | Bought a potion of flight for 54 gold pieces
 60717 | Vaults:2 | Bought a potion of lignification for 54 gold pieces
 60717 | Vaults:2 | Bought a potion of haste for 180 gold pieces
 60717 | Vaults:2 | Bought 2 potions of haste for 360 gold pieces
 60717 | Vaults:2 | Bought a potion of curing for 54 gold pieces
 60717 | Vaults:2 | Bought a potion of flight for 54 gold pieces
 60779 | Vaults:2 | Found a staircase to the Crypt.
 61146 | Vaults:2 | You fall into a shaft and drop 1 floor!
 62186 | Depths:1 | Entered Level 1 of the Depths
 62313 | Depths:1 | Found a one-way gate to the infinite horrors of the Abyss.
 62834 | Depths:1 | Found a gateway to Hell.
 62835 | Depths:1 | Found a one-way gate leading to the halls of Pandemonium.
 62876 | Depths:1 | Found a runed translucent gate.
 62877 | Depths:1 | Found a runed translucent gate.
 62877 | Depths:1 | Found a runed translucent gate.
 62880 | Depths:1 | Noticed Anicvumpo's ghost (adept DsGl)
 62898 | Depths:1 | Found a gateway to a ziggurat.
 62905 | Depths:1 | Paralysed by a floating eye for 4 turns
 63164 | D:15     | Learned a level 4 spell: Petrify
 63172 | D:15     | Learned a level 7 spell: Dragon Form
 63269 | Depths:1 | Killed Anicvumpo's ghost
 63440 | Depths:1 | Identified the +7 triple sword of Incongruity {protect,
                  | rF+} (You found it on level 1 of the Depths)
 63469 | Depths:1 | Paralysed by a floating eye for 4 turns
 63476 | Depths:1 | Paralysed by a floating eye for 4 turns
 63484 | Depths:1 | Gained mutation: Your body sometimes deteriorates upon
                  | taking damage. [a shining eye]
 63488 | Depths:1 | Gained mutation: You tend to lose your temper in combat. [a
                  | shining eye]
 63492 | Depths:1 | Gained mutation: Your body often deteriorates upon taking
                  | damage. [a shining eye]
 63494 | Depths:1 | Lost mutation: Your flesh is heat resistant. (rF+) [potion
                  | of mutation]
 63494 | Depths:1 | Lost mutation: Your body often deteriorates upon taking
                  | damage. [potion of mutation]
 63494 | Depths:1 | Lost mutation: Your body sometimes deteriorates upon taking
                  | damage. [potion of mutation]
 63494 | Depths:1 | Lost mutation: You are very agile. (Dex +4) [potion of
                  | mutation]
 63494 | Depths:1 | Gained mutation: Your mind is acute. (Int +2) [potion of
                  | mutation]
 63494 | Depths:1 | Gained mutation: You have supernaturally acute eyesight.
                  | (SInv) [potion of mutation]
 63495 | Depths:1 | Lost mutation: Your mind is acute. (Int +2) [potion of
                  | mutation]
 63495 | Depths:1 | Lost mutation: You have supernaturally acute eyesight.
                  | (SInv) [potion of mutation]
 63495 | Depths:1 | Lost mutation: You tend to lose your temper in combat.
                  | [potion of mutation]
 63495 | Depths:1 | Gained mutation: Your magical capacity is very low. (-20%
                  | MP) [potion of mutation]
 63495 | Depths:1 | Gained mutation: You are dopey. (Int -2) [potion of
                  | mutation]
 63495 | Depths:1 | Gained mutation: You are resistant to hostile enchantments.
                  | (MR+) [potion of mutation]
 63496 | Depths:1 | Lost mutation: Your magical capacity is very low. (-20% MP)
                  | [potion of mutation]
 63496 | Depths:1 | Lost mutation: You are resistant to hostile enchantments.
                  | (MR+) [potion of mutation]
 63496 | Depths:1 | Gained mutation: You tend to lose your temper in combat.
                  | [potion of mutation]
 63496 | Depths:1 | Gained mutation: Your flesh is heat resistant. (rF+)
                  | [potion of mutation]
 63497 | Depths:1 | Lost mutation: You are dopey. (Int -2) [potion of mutation]
 63497 | Depths:1 | Lost mutation: You are agile. (Dex +2) [potion of mutation]
 63497 | Depths:1 | Gained mutation: You passively map a small area around you.
                  | [potion of mutation]
 63498 | Depths:1 | Lost mutation: You passively map a small area around you.
                  | [potion of mutation]
 63498 | Depths:1 | Lost mutation: Your flesh is heat resistant. (rF+) [potion
                  | of mutation]
 63498 | Depths:1 | Lost mutation: You tend to lose your temper in combat.
                  | [potion of mutation]
 63498 | Depths:1 | Gained mutation: You are surrounded by a mild repulsion
                  | field. (EV +2) [potion of mutation]
 63498 | Depths:1 | Gained mutation: Your muscles are strong. (Str +2) [potion
                  | of mutation]
 63923 | Depths:2 | Reached XP level 23. HP: 147/155 MP: 30/30
 64343 | Depths:1 | Reached skill level 15 in Unarmed Combat
 65952 | Depths:2 | Noticed a juggernaut
 66245 | Depths:2 | Identified the cursed +2 short sword of the Original Sin
                  | {vorpal, +Inv Stlth+}
 66350 | Depths:2 | Killed a juggernaut
 66350 | Depths:2 | Reached skill level 18 in Stealth
 66478 | Depths:2 | Identified the amulet of Foanneom {rN++ Regen+ Int+2
                  | Slay+5}
 67549 | Depths:3 | Reached XP level 24. HP: 153/163 MP: 30/30
 69249 | Depths:3 | Found a glowing golden altar of the Shining One.
 69799 | Depths:3 | Noticed the Enchantress
 70351 | Depths:3 | Killed the Enchantress
 70457 | Depths:3 | Found the +8 demon blade "Leech" {vamp, *Rage +Rage rN+}
 70473 | Depths:3 | Identified the +8 halberd "Duri" {antimagic, rC+ Int+5}
                  | (You found it on level 3 of the Depths)
 70478 | Depths:3 | Identified the +7 flail of Impatience {chaos, +Blink Str-4
                  | Int+3 Dex+4} (You found it on level 3 of the Depths)
 70482 | Depths:3 | Got a clouded glass ring
 70483 | Depths:3 | Identified the ring "Yfet" {rElec rF- rC+ Str+2 Dex+2} (You
                  | found it on level 3 of the Depths)
 70485 | Depths:3 | Identified the Volume of the Frostbite and Beguiling
 71861 | Depths:4 | Reached skill level 15 in Dodging
 73167 | Depths:4 | Reached XP level 25. HP: 150/171 MP: 30/30
 73291 | Depths:4 | Identified the Grimoire of the Ensnaring Mountains
 73300 | Depths:4 | Identified the ring "Finwupty" {rC+ MR+ Str+4} (You found
                  | it on level 4 of the Depths)
 73710 | Depths:5 | Entered Level 5 of the Depths
 73809 | Depths:5 | Found a gate to the Realm of Zot.
 73829 | Depths:5 | Reached skill level 19 in Stealth
 73834 | Depths:5 | Reached skill level 15 in Transmutations
 75045 | Vaults:5 | Entered Level 5 of the Vaults
 75057 | Vaults:5 | Reached skill level 15 in Shields
 75506 | Vaults:5 | Reached XP level 26. HP: 125/178 MP: 26/30
 75664 | Vaults:5 | Noticed Sojobo
 75677 | Vaults:5 | Killed Sojobo
 75861 | Vaults:5 | Identified the ring "Doosyrch" {EV+4 Dex+3}
 75873 | Vaults:5 | Got a silver rune of Zot
 75880 | Vaults:5 | Identified the +4 falchion of Spontaneous Combustion {pain,
                  | MR+ Dex+7} (You found it on level 5 of the Vaults)
 76077 | Vaults:5 | Found the +0 mask of the Dragon {MR+ Slay+3 SInv}
 76241 | Vaults:5 | Identified the Incunabulum of Evil Snow
 77696 | Zot:1    | Entered Level 1 of the Realm of Zot
 77754 | Zot:1    | Reached skill level 20 in Stealth
 77758 | Zot:1    | Noticed an orb of fire
 77768 | Zot:1    | Killed an orb of fire
 78629 | Zot:2    | Reached XP level 27. HP: 161/185 MP: 30/30
 79496 | Zot:3    | Reached skill level 15 in Evocations
 79535 | Zot:3    | Noticed an orb of fire
 79536 | Zot:3    | Gained mutation: Your body sometimes deteriorates upon
                  | taking damage. [an orb of fire]
 79543 | Zot:3    | Gained mutation: You occasionally shout uncontrollably at
                  | your foes. [an orb of fire]
 79546 | Zot:3    | Gained mutation: Scrolls take you a little longer to read.
                  | [an orb of fire]
 79550 | Zot:3    | Lost mutation: Your muscles are strong. (Str +2) [an orb of
                  | fire]
 79551 | Zot:3    | Killed an orb of fire
 79553 | Zot:3    | Reached skill level 15 in Fighting
 79692 | Depths:3 | Lost mutation: You are surrounded by a mild repulsion
                  | field. (EV +2) [potion of mutation]
 79692 | Depths:3 | Lost mutation: Your body sometimes deteriorates upon taking
                  | damage. [potion of mutation]
 79692 | Depths:3 | Lost mutation: Scrolls take you a little longer to read.
                  | [potion of mutation]
 79692 | Depths:3 | Lost mutation: You occasionally shout uncontrollably at
                  | your foes. [potion of mutation]
 79692 | Depths:3 | Gained mutation: You are frail. (-10% HP) [potion of
                  | mutation]
 79692 | Depths:3 | Gained mutation: Your spells are a little easier to cast,
                  | but a little less powerful. [potion of mutation]
 79692 | Depths:3 | Gained mutation: You possess an exceptional clarity of
                  | mind. [potion of mutation]
 80285 | Zot:3    | Found a runed translucent gate.
 80285 | Zot:3    | Found a runed translucent gate.
 80285 | Zot:3    | Found an opulent altar of Gozag.
 80285 | Zot:3    | Found a runed translucent gate.
 80285 | Zot:3    | Found Liclus's Assorted Antiques.
 80286 | Zot:3    | Noticed Abbolyuh's ghost (legendary DsEn)
 81059 | Zot:4    | Noticed an orb of fire
 81066 | Zot:4    | Gained mutation: Your spells are easier to cast, but less
                  | powerful. [an orb of fire]
 81071 | Zot:4    | Killed an orb of fire
 81580 | Zot:4    | Noticed an orb of fire
 81598 | Zot:4    | Killed an orb of fire
 81720 | Zot:5    | Entered Level 5 of the Realm of Zot
 81875 | Zot:5    | Noticed an orb of fire
 81920 | Zot:5    | Gained mutation: You are very frail. (-20% HP) [an orb of
                  | fire]
 81921 | Zot:5    | Killed an orb of fire
 82679 | Zot:5    | Noticed an orb of fire
 82682 | Zot:5    | Noticed an ancient lich
 82685 | Zot:5    | Reached skill level 21 in Stealth
 82690 | Zot:5    | Killed an orb of fire
 82694 | Zot:5    | Killed an ancient lich
 82694 | Zot:5    | Noticed an orb of fire
 82698 | Zot:5    | Killed an orb of fire
 83021 | Zot:5    | Noticed an ancient lich
 83098 | Zot:5    | Noticed an ancient lich
 83099 | Zot:5    | Noticed an ancient lich
 83105 | Zot:5    | Killed an ancient lich
 83120 | Zot:5    | Killed an ancient lich
 83328 | Zot:5    | Noticed an ancient lich
 83335 | Zot:5    | Noticed an ancient lich
 83339 | Zot:5    | Killed an ancient lich
 83341 | Zot:5    | Killed an ancient lich
 83349 | Zot:5    | Killed an ancient lich
 83676 | Zot:5    | Noticed an orb of fire
 83682 | Zot:5    | Killed an orb of fire
 83696 | Zot:5    | Noticed an ancient lich
 84242 | Zot:5    | Killed an ancient lich
 84380 | Zot:5    | Learned a level 2 spell: Passwall
 84389 | Zot:5    | Learned a level 8 spell: Necromutation
 84390 | Zot:5    | Got the Orb of Zot
 84573 | Depths:2 | Noticed Peab the pandemonium lord
 84579 | Depths:2 | Killed Peab the pandemonium lord
 84634 | Depths:2 | Reached skill level 1 in Necromancy
 85064 | D:$      | Escaped with the Orb!

Illustrated notes

Levels and vault maps discovered:
D:1:      shiori_arrival_elements, layout_basic, minmay_3d_cube
D:2:      layout_basic, marbit_many_paths, lemuel_crystal_altar,
          chequers_ecumenical_altar_twisty, serial_curves, eino_curves_04,
          eino_curves_04, uniq_robin, uniq_natasha
D:3:      layout_rooms, grunt_temple_overflow_order_and_chaos_1, uniq_sigmund
D:4:      layout_basic, nicolae_qazlal_style_of_elements, kennysheep_mini_moat,
          minmay_temple_entry_proselytizer, serial_shops, shop_fountains,
          kennysheep_cross_bottleneck, okawaru_ov_weapons_minmay, uniq_menkaure
D:5:      layout_loops_ring, slow_altar_1
D:6:      layout_basic, basic_altar
D:7:      layout_gridville
D:8:      layout_loops_ring, nicolae_dithmenos_through_a_glass_darkly,
          special_room [special_room_orc], lemuel_blue_sif_altar
D:9:      layout_irregular_city, nicolae_overflow_crystal_walls,
          overflow_temple_1_default, serial_glass, glass_columns_b,
          glass_columns_c, due_unseen_surprise, nicolae_sextant, hangedman_ranch
          [blue_anna_fruit_fields]
D:10:     layout_rooms, grunt_lair_entry_orc_guard_hut, hiddenorc1_lemuel,
          serial_co_window_serial, co_window_paths_a, co_window_paths_b,
          co_window_cross_1, co_window_corner_a, co_window_paths_a,
          co_window_corner_a, co_window_corner_cb, co_window_2corner,
          co_window_of_opportunity_b, co_window_4corner_a,
          hangedman_decor_peaks_small
D:11:     layout_loops_ring, lemuel_flamethrower_2
D:12:     minmay_opposing_rooms, layout_irregular_city
D:13:     layout_grid_maze, grunt_vaults_entry_fortified,
          gauntlet_entry_generic, uniq_kirke
D:14:     layout_irregular_city, nicolae_gozag_seed_capital,
          kennysheep_decorative_pillar
D:15:     grunt_enter_depths_hoard, layout_basic, serial_bayou,
          serial_bayou_pond_a, serial_bayou_pond_e, serial_bayou_lagoon_a,
          serial_bayou_ford_a, serial_bayou_pond_c, interstate_on_off,
          nrook_loot_triangle
Temple:   nicolae_temple_no_exploring_needed
Lair:1:   layout_gridlike, chequers_serial_rivers_room_a
Lair:2:   layout_regular_city, swamp_mist_pool, guppyfry_snake_entry_island,
          ebering_ghost_rock_garden, pond
Lair:3:   layout_hall_layers, grunt_forest_large_clearings
Lair:4:   layout_regular_city, guppyfry_lair_drakes, serial_bayou_shore_a,
          lemuel_fruit_tree
Lair:5:   gammafunk_cloud_chamber, layout_long_grid, slime_altar_1,
          nicolae_lair_yak_garden, minmay_lair_oklob_chamber,
          serial_bayou_shore_b
Lair:6:   minmay_lair_end_enchanted_forest, layout_concentric_octagons,
          grunt_megastairs_1, infiniplex_staircase_pool_2, uniq_rupert
Swamp:1:  layout_falls_marsh, hangedman_swamp_ruin_wall,
          infiniplex_staircase_pool
Swamp:2:  layout_basic_swamp, evilmike_swamp_ruin_house_1
Swamp:3:  layout_falls_marsh, evilmike_swamp_ruin_house_6, swamp_pool1,
          nicolae_swamp_dense_foliage
Swamp:4:  swamp_alternative, layout_basic_swamp, gammafunk_ghost_cemetery,
          portal_ice_cave_entry_pillars_1
Snake:1:  layout_cave_pods, uniq_aizul
Snake:2:  layout_misc_corridors, drop_trap, uniq_vashnia
Snake:3:  layout_gridlike, uniq_agnes, uniq_louise, uniq_azrael
Snake:4:  johnstein_snake_rune_scales, layout_cave_town
Orc:1:    layout_caves, basic_altar, uniq_erica, uniq_jorgrun, uniq_maurice
Orc:2:    st_orc_pillars, layout_caves, gammafunk_ghost_necromancy,
          uniq_josephine
Elf:1:    eino_elf_arrival_the_gate, layout_gridlike, minmay_elf_annihilation,
          grunt_ministairs_1, drop_trap, hangedman_elven_pyramids
Elf:2:    layout_gridlike, mu_enter_wizlab_3, serial_shops, shop,
          minmay_shop_grove
Elf:3:    nooodl_elf_gasket, layout_loops_corners
Vaults:1: nicolae_vaults_windows_and_doors_thing, hangedman_vaults_corner,
          sword_in_stone, v_alt_pattern_6, ontoclasm_vaults_chip, v_misc_29,
          nicolae_vaults_little_squares_4, nicolae_vaults_sealed_display,
          vaults_mumra_chevron, vaults_dpeg_diagonal, layout_vaults_omnibox,
          portal_desolation_entry_garden, serial_shops, nicolae_shop_statue_plus
Vaults:2: hangedman_vaults_restitches, hangedman_vaults_maws,
          nicolae_vaults_diagonal_hallway_9, nicolae_vaults_diagonal_hallway_7,
          ontoclasm_vaults_decontamination, v_misc_27, layout_vaults_omnigrid,
          minmay_crypt_entry_simple_walls, serial_shops, shop
Vaults:3: vaults_room_pool, nicolae_vaults_alarming, v_rooms_2,
          nicolae_vaults_border_crossing, hangedman_vaults_maws,
          nicolae_vaults_gold_heap, ontoclasm_vaults_misaligned,
          grunt_vaults_bifocal, v_misc_30, nicolae_vaults_network_star,
          nicolae_vaults_holding_cells, v_misc_23, v_misc_15,
          layout_vaults_big_room
Vaults:4: st_diamondy, vaults_dpeg_encased_lava, v_misc_33,
          vaults_mumra_minichess, hangedman_vaults_restitches,
          ontoclasm_vaults_chip, nicolae_vaults_mini_display_case,
          nicolae_vaults_network_s, nicolae_vaults_angled_halls,
          ontoclasm_vaults_gateway, vaults_room_semicircle,
          nicolae_vaults_ring_of_whatevers, layout_vaults_omnicross
Vaults:5: uniq_frederick, uniq_sojobo
Depths:1: layout_cave_pools, enter_ziggurat_c, abyss_entry,
          hangedman_coc_ice_floe, pan_entry, chequers_serial_rivers_micro_d,
          gammafunk_ghost_necromancy, nicolae_two_hexagons,
          grunt_decor_mini_mirrors, water_boxes_lemuel
Depths:2: box_level_dp, hell_entry
Depths:3: grunt_forest_end_winery, layout_basic, grunt_hell_entry_dis_mu,
          lemuel_crystal_altar, abyss_entry, grunt_pan_entry_spiral, ice2_lemuel
Depths:4: minmay_haunted_quarter, layout_small_grid, minmay_misc_feat_x,
          nicolae_abyss_entry_one_way_or_another, hellmouth_1, pan_entry,
          minmay_staircase_bubble
Depths:5: grunt_crosshair, layout_small_grid, ebering_dispersal_statue_hall,
          abyss_entry, hell_entry
Zot:1:    layout_basic
Zot:2:    layout_gridville, lemuel_elevator
Zot:3:    layout_gridville, ebering_ghost_gozag, st_stairs_1, grunt_megastairs_2
Zot:4:    layout_gridville
Zot:5:    layout_gridlike

Skill      XL: |  1  2  3  4  5  6  7  8  9 10 11 12 13 14 15 16 17 18 19 20 21 22 23 24 25 26 27 |
---------------+----------------------------------------------------------------------------------+-----
Throwing       | 1 2 3 4 5 6 7 8 8 9 |  9.0
Unarmed Combat | 3 4 5 6 8 9 10 11 11 12 13 14 15 16 18 | 18.2
Stealth        | 7 8 9 10 11 12 12 13 14 15 16 17 18 19 20 21 | 21.6
Dodging        | 3 4 5 7 9 10 10 11 12 13 14 15 16 17 | 17.2
Fighting       | 4 5 6 7 8 8 9 10 11 12 13 14 16 | 16.0
Evocations     | 3 4 6 7 8 9 10 11 12 13 14 16 | 16.2
Shields        | 2 4 5 6 7 8 9 10 11 12 13 14 15 16 | 16.8
Transmutations | 3 5 7 8 9 10 11 12 13 14 15 16 18 | 18.7
Earth Magic    | 2 4 6 8 9 10 11 12 | 12.2
Spellcasting   | 2 3 4 5 6 7 |  7.2
Necromancy     | 2 |  2.0

Action                   |  1- 3 |  4- 6 |  7- 9 | 10-12 | 13-15 | 16-18 | 19-21 | 22-24 | 25-27 || total
-------------------------+-------+-------+-------+-------+-------+-------+-------+-------+-------++-------
Melee: Unarmed           |    29 |   183 |   375 |   660 |  1194 |  1384 |  1261 |  1383 |   933 ||  7402
       Tentacles         |     9 |    29 |    76 |   159 |   423 |   534 |   511 |   579 |   335 ||  2655
       Constrict         |     6 |    48 |    76 |    97 |   201 |   133 |   174 |   161 |   116 ||  1012
       Punch             |     1 |     4 |    24 |    61 |   188 |   301 |   245 |   363 |   200 ||  1387
       Kick              |       |       |       |       |   524 |       |       |       |       ||   524
       Tailslap          |       |       |       |       |       |       |       |       |    13 ||    13
       Bite              |       |       |       |       |       |       |       |       |     8 ||     8
Throw: Dart              |       |     6 |    22 |    53 |       |    12 |     2 |     5 |       ||   100
       Boomerang         |       |       |    12 |    36 |    35 |    11 |       |       |       ||    94
       Javelin           |       |       |       |       |       |       |    36 |     4 |       ||    40
 Cast: Statue Form       |       |       |       |       |       |       |    15 |    29 |    48 ||    92
       Dragon Form       |       |       |       |       |       |       |       |       |    10 ||    10
Invok: Sacrifice Resista |       |     1 |       |       |       |       |       |       |       ||     1
       Draw Out Power    |       |       |     2 |     6 |     4 |    13 |     6 |     8 |     2 ||    41
       Sacrifice Love    |       |       |     1 |       |       |       |       |       |       ||     1
       Power Leap        |       |       |     4 |     6 |       |     1 |     1 |       |       ||    12
       Reject Sacrifices |       |       |     1 |     1 |       |       |       |       |       ||     2
       Sacrifice Skill   |       |       |       |       |     1 |       |       |       |       ||     1
       Sacrifice Essence |       |       |       |       |     1 |       |       |       |       ||     1
 Abil: End Transformatio |       |       |       |       |       |       |       |       |     1 ||     1
Evoke: Wand              |       |       |       |    24 |    26 |    24 |    45 |     9 |     4 ||   132
       Condenser vane    |       |       |       |       |       |       |     4 |     3 |     2 ||     9
       Phial of floods   |       |       |       |       |       |       |       |     1 |       ||     1
       Tin of tremorston |       |       |       |       |       |       |       |     1 |       ||     1
  Use: Potion            |       |     1 |     3 |     1 |    14 |     4 |     3 |     8 |    11 ||    45
       Scroll            |       |     1 |     5 |    14 |    14 |    15 |     7 |     7 |     5 ||    68
 Stab: Sleeping          |     1 |    11 |    20 |    26 |    40 |    22 |    41 |    35 |    26 ||   222
       Invisible         |       |     2 |     8 |     8 |     6 |    33 |     9 |    13 |     7 ||    86
       Distracted        |       |       |     3 |     5 |    13 |    28 |    26 |    35 |    15 ||   125
       Paralysed         |       |       |       |       |     4 |       |    11 |     3 |     3 ||    21
       Confused          |       |       |       |       |       |       |     2 |       |       ||     2
Armor: Skin              |     2 |     5 |     9 |     9 |    65 |    42 |    94 |   154 |   252 ||   632
Dodge: Dodged            |    15 |    93 |   206 |   443 |   699 |   784 |   759 |  1071 |   627 ||  4697
Block: Buckler           |       |       |       |       |   183 |   341 |   430 |   702 |   371 ||  2027

Table legend: (Time is in decaauts)
 A = Elapsed time spent in this place.
 B = Non-inter-level travel time spent in this place.
 C = Inter-level travel time spent in this place.
 D = Time resting spent in this place.
 E = Time spent auto-exploring this place.
 F = Levels seen in this place.
 G = Mean time per level.
                   A        B        C        D        E       F      G
               +--------+--------+--------+--------+--------+-----+--------+
         Total |  84608 |  78481 |   6127 |  32533 |  26770 |  53 | 1596.4 |
       Dungeon |  20116 |  17632 |   2484 |   6011 |   7736 |  15 | 1341.1 |
        Temple |    129 |    129 |      0 |    111 |      0 |   1 |  129.0 |
          Lair |  12165 |  11334 |    831 |   5902 |   3052 |   6 | 2027.5 |
         Swamp |   4164 |   4003 |    161 |   1375 |   1656 |   4 | 1041.0 |
     Snake Pit |   8888 |   8678 |    210 |   4594 |   2181 |   4 | 2222.0 |
  Orcish Mines |   2710 |   2431 |    279 |    842 |    872 |   2 | 1355.0 |
   Elven Halls |   5972 |   5480 |    492 |   2482 |   1379 |   3 | 1990.7 |
        Vaults |   8014 |   7437 |    577 |   1806 |   3696 |   5 | 1602.8 |
        Depths |  12830 |  12156 |    674 |   5873 |   3283 |   5 | 2566.0 |
           Zot |   6920 |   6505 |    415 |   2274 |   2668 |   5 | 1384.0 |
      Ice Cave |    682 |    682 |      0 |    260 |     79 |   1 |  682.0 |
        Wizlab |   1322 |   1322 |      0 |    693 |      4 |   1 | 1322.0 |
      Gauntlet |    689 |    689 |      0 |    306 |    163 |   1 |  689.0 |
               +--------+--------+--------+--------+--------+-----+--------+

Top non-repeatable levels by time:
Depths:2: 4126 daAuts
 Snake:4: 4001 daAuts
  Lair:2: 3874 daAuts
Depths:3: 3542 daAuts
Depths:4: 2639 daAuts
   Elf:3: 2571 daAuts
   Zot:5: 2425 daAuts
   Orc:2: 2150 daAuts
    D:15: 2148 daAuts
    D:12: 2030 daAuts
    D:10: 2027 daAuts
  Lair:5: 2022 daAuts
    D:13: 1926 daAuts
Vaults:5: 1872 daAuts
   Elf:1: 1795 daAuts
